Map: Dusk Towers

Players

LilDicky

  • Race: Terran Terran
  • League: Diamond

Sabotage - Winner!

  • Race: Zerg Zerg
  • League: Diamond

VOD

http://www.twitch.tv/tumescentpie

Description

Time

  • Played on: Nov. 28, 2015, 1:04 a.m.
  • Length: 11:40
Show
View Real Time Build Order
Export as new Build Order

LilDicky Terran 

Build Orders: Command Center First (CC), MMM Bio 

Get SALT Encoding   

  12  0:01  SCV  
  13  0:14  SCV  
  14  0:19  Supply Depot  
  14  0:27  SCV  
  15  0:41  SCV  
  16  0:53  SCV  
  17  1:02  Command Center  
  17  1:06  SCV  
  18  1:15  Barracks  
  18  1:18  SCV  
  19  1:30  SCV  
  20  1:42  Supply Depot  
  20  1:43  SCV  
  21  1:56  SCV  
  22  2:03  Command Center  
  22  2:05  Marine  
  23  2:12  Orbital Command  
  23  2:21  Orbital Command  
  23  2:25  Marine  
  24  2:40  SCV  
  25  2:45  Marine  
  25  2:48  SCV  
  27  2:52  SCV  
  28  2:58  Refinery x2  
  28  3:01  SCV  
  28  3:03  Marine  
  30  3:08  SCV  
  30  3:10  Barracks  
  30  3:11  Barracks  
  30  3:17  Orbital Command  
  30  3:21  Marine  
  30  3:25  SCV  
  30  3:26  SCV  
  33  3:37  SCV  
  33  3:38  SCV, Barracks  
  33  3:39  Barracks, Marine  
  36  3:49  SCV  
  36  3:50  SCV  
  36  3:51  SCV  
  39  3:57  Marine  
  40  4:05  Marine x2  
  40  4:08  Orbital Command  
  42  4:15  Marine  
  43  4:21  Factory  
  43  4:23  Marine x2  
  45  4:27  Barracks Tech Lab  
  45  4:28  Barracks Tech Lab  
  45  4:29  Bunker  
  45  4:31  Factory  
  45  4:33  Marine  
  45  4:34  SCV x2  
  48  4:41  Bunker  
  48  4:42  Refinery  
  48  4:43  Refinery  
  48  4:44  Barracks Reactor  
  48  4:45  Barracks Reactor  
  48  4:47  Marine x2  
  48  4:51  Marine  
  51  4:53  Stimpack  
  51  5:05  Marine x2  
  53  5:07  SCV x3  
  56  5:15  Supply Depot  
  56  5:18  Factory Reactor  
  56  5:19  SCV, Factory Reactor  
  56  5:20  Starport  
  57  5:24  SCV, Engineering Bay  
  57  5:25  SCV, Marine  
  57  5:28  Combat Shields, Marine  
  61  5:35  Marine x3  
  61  5:40  Marine  
  61  5:41  Supply Depot, Marine  
  65  5:48  Supply Depot  
  65  5:49  SCV x2  
  67  5:54  Marine  
  68  5:59  Terran Infantry Weapons Level 1  
  68  6:03  SCV x2  
  68  6:04  SCV, Missile Turret, Supply Depot  
  71  6:09  Marine x3  
  71  6:10  Marine x2  
  76  6:11  Missile Turret  
  76  6:15  SCV  
  76  6:17  Widow Mine x2  
  81  6:21  Marine  
  81  6:22  Supply Depot  
  81  6:23  Marine  
  81  6:24  Factory Tech Lab  
  83  6:27  Marine  
  83  6:28  Supply Depot  
  83  6:30  SCV, Marine  
  83  6:31  Missile Turret  
  86  6:34  Marine  
  86  6:36  SCV, Engineering Bay  
  86  6:39  Supply Depot  
  88  6:40  Marine  
  88  6:42  Medivac  
  88  6:45  Medivac  
  93  6:49  SCV  
  93  6:51  Siege Tank  
  93  6:53  Hellion  
  99  6:56  Marine  
  99  6:57  Marine  
  99  6:58  Marauder  
  99  6:59  Marine  
  99  7:00  SCV  
  105  7:05  Missile Turret  
  105  7:07  Terran Infantry Armor Level 1  
  105  7:09  Marine  
  105  7:10  Marine  
  105  7:13  Medivac  
  105  7:18  Marine x2  
  105  7:19  Marauder  
  105  7:20  Marauder  
  111  7:23  Armory  
  111  7:24  Marine  
  111  7:27  Marine  
  111  7:28  Widow Mine  
  115  7:31  Hellion  
  90  8:13  Marine  
  90  8:14  Marine x6  
  95  8:31  Marine  
  95  8:32  Marine x4  
  95  8:33  Medivac x2, Marauder x2  
  108  8:37  SCV x2  
  108  8:41  Terran Infantry Weapons Level 2  
  110  8:46  Command Center  
  108  8:49  Marine  
  108  8:50  Marine x4  
  108  8:54  Marauder x2  
  99  9:00  SCV  
  100  9:03  Medivac  
  100  9:04  Refinery x2  
  100  9:07  Marine x3  
  100  9:08  Marine x2  
  107  9:10  Medivac  
  107  9:12  Siege Tank  
  107  9:13  Terran Infantry Armor Level 2  
  107  9:15  Marine  
  107  9:16  SCV  
  114  9:17  SCV x2  
  114  9:19  Marine  
  114  9:23  Barracks  
  117  9:28  SCV  
  118  9:33  Medivac  
  118  9:38  Marine x5  
  121  9:44  Siege Tank, Marine x2  
  130  9:48  Supply Depot  
  130  9:50  Supply Depot  
  130  9:52  Hellion  
  132  9:53  SCV  
  132  9:57  Marine x5  
  132  9:58  SCV x2, Hellion, Orbital Command  
  142  10:01  Supply Depot  
  142  10:02  Marauder, Marine  
  145  10:15  Marine x5  
  145  10:20  Marauder  
  152  10:23  Marine  
  153  10:33  Marine x4  
  157  10:37  Supply Depot  
  157  10:41  Marine  
  157  10:42  Marauder x2  
  162  10:43  SCV x4  
  166  10:51  Marine  
  162  11:03  Marauder  
  151  11:06  Marine x3  
  151  11:10  Hellion x2  
Show
View Real Time Build Order
Export as new Build Order

Sabotage Zerg - Winner!

Build Orders: Hatch First, Lurkers 

Get SALT Encoding   

  12  0:01  Drone  
  13  0:08  Drone  
  14  0:19  Extractor  
  13  0:21  Overlord, Extractor  
  13  0:26  Drone  
  13  0:30  Drone  
  16  0:40  Drone  
  17  0:55  Hatchery  
  16  0:57  Drone  
  17  1:12  Spawning Pool  
  17  1:14  Drone  
  17  1:18  Drone  
  18  1:22  Drone  
  19  1:26  Extractor  
  19  1:28  Overlord  
  18  1:38  Drone  
  19  1:53  Drone  
  20  2:00  Zergling x2  
  20  2:01  Queen  
  21  2:06  Queen  
  21  2:07  Zergling x2  
  26  2:10  Drone  
  27  2:17  Overlord  
  28  2:22  Drone  
  28  2:29  Metabolic Boost  
  28  2:32  Drone  
  28  2:36  Queen  
  29  2:42  Queen  
  33  2:44  Drone  
  33  2:48  Drone  
  33  2:49  Drone  
  36  2:52  Drone  
  36  2:54  Drone  
  38  3:13  Lair  
  38  3:16  Drone x2  
  38  3:17  Drone  
  38  3:18  Queen  
  43  3:23  Overlord  
  43  3:30  Overlord x2  
  43  3:33  Drone  
  44  3:42  Baneling Nest  
  44  3:43  Drone x4  
  44  3:47  Drone, Extractor  
  47  4:06  Drone  
  47  4:07  Drone x6  
  52  4:22  Hatchery  
  51  4:26  Drone  
  51  4:29  Spire  
  51  4:30  Drone x3, Extractor x2  
  52  4:31  Drone x2  
  52  4:33  Drone  
  55  4:41  Drone  
  55  4:45  Evolution Chamber, Drone  
  56  4:46  Evolution Chamber, Overlord  
  55  4:54  Centrifical Hooks  
  55  5:02  Zergling x2  
  55  5:03  Zergling x6  
  59  5:12  Zerg Melee Weapons Level 1  
  59  5:18  Hatchery, Zerg Ground Armor Level 1  
  58  5:27  Drone, Hydralisk Den  
  58  5:29  Drone x5  
  58  5:30  Drone  
  64  5:40  Queen  
  66  5:43  Drone x5  
  66  5:49  Drone x3  
  73  5:57  Spore Crawler  
  73  5:59  Drone, Spine Crawler  
  73  6:00  Drone, Spore Crawler  
  72  6:04  Lurker Den  
  72  6:10  Overseer  
  72  6:13  Drone  
  72  6:14  Overlord, Infestation Pit  
  72  6:16  Drone  
  73  6:29  Overlord x2  
  73  6:30  Extractor  
  73  6:31  Queen, Extractor  
  73  6:34  Drone x2  
  73  6:35  Drone x3  
  73  6:36  Drone x3  
  73  6:37  Drone x2  
  83  6:44  Zergling x8  
  83  6:45  Overlord  
  83  6:46  Overlord  
  87  7:19  Hive  
  87  7:22  Zerg Ground Armor Level 2  
  87  7:25  Zerg Melee Weapons Level 2  
  87  7:26  Hydralisk  
  87  7:27  Hydralisk x4  
  97  7:31  Overlord x2  
  97  7:32  Overlord  
  97  7:33  Extractor  
  96  7:37  Extractor  
  96  7:41  Zergling x2  
  96  7:42  Zergling x18  
  105  7:48  Baneling  
  105  7:49  Baneling  
  105  7:50  Baneling x13  
  105  7:56  Lurker x5  
  87  8:18  Zergling x22  
  87  8:19  Zergling x2  
  99  8:34  Zergling x8  
  102  8:39  Ultralisk Cavern  
  101  8:52  Zergling x2  
  101  8:53  Zergling x8  
  99  9:04  Zergling x2  
  99  9:05  Zergling x6  
  103  9:19  Hatchery  
  102  9:27  Hydralisk x2, Baneling x2  
  102  9:28  Ultralisk, Baneling x4  
  102  9:29  Ultralisk x4  
  136  9:35  Chitinous Plating  
  136  9:40  Zergling x4  
  138  10:06  Overlord x2  
  138  10:07  Overlord  
  138  10:27  Mutalisk x8  
  154  10:41  Zergling x28  
  168  10:50  Overlord x5  
  167  10:58  Queen  
  166  11:06  Overlord  
  166  11:07  Overlord x3  
  166  11:16  Zergling x2, Baneling x13  
  166  11:17  Zergling x8  
Tags
 
Add a new tag
Caveats
  • Supply blocks, unpowered buildings, or Contaminate may cause inaccurate times.
  • Supply counts are checked every 10 seconds.